 Dungeon Crawl Stone Soup version 0.26.1-11-gd32895ea62 (webtiles) character file.

Game seed: 8870732208986043972

3009 nothank2 the Destroyer (level 9, -3/62 HPs)
             Began as a Green Draconian Conjurer on July 10, 2021.
             Was a Believer of Vehumet.
             Killed from afar by an oklob plant (5 damage)
             ... with a splash of acid
             ... on level 7 of the Dungeon.
             The game lasted 00:41:34 (7658 turns).

nothank2 the Destroyer (Green Draconian Conjurer)   Turns: 7658, Time: 00:41:34

Health: -3/62      AC:  1    Str: 10    XL:     9   Next: 54%
Magic:  11/21      EV: 12    Int: 22    God:    Vehumet [**....]
Gold:   373        SH:  0    Dex:  9    Spells: 16/25 levels left

rFire    . . .     SeeInvis .   q - +4 quarterstaff (chaos)
rCold    . . .     Faith    .   (shield currently unavailable)
rNeg     . . .     Spirit   .   (armour unavailable)
rPois    +         Reflect  .   (helmet restricted)
rElec    .         Harm     .   r - +0 cloak
rCorr    .         Rampage  .   (no gloves)
Will     .....                  d - +0 pair of boots
Stlth    ++........             e - amulet of magic regeneration
HPRegen  0.20/turn              (no ring)
MPRegen  0.42/turn              (no ring)

@: corroded, very slightly contaminated
A: breathe noxious fumes, unfitting armour, poison resistance, cold-blooded, AC
+7
a: Breathe Noxious Fumes, Renounce Religion


You were on level 7 of the Dungeon.
You worshipped Vehumet.
Vehumet was pleased with you.
You visited 2 branches of the dungeon, and saw 8 of its levels.

You collected 373 gold pieces.

Inventory:

Hand Weapons
 b - a +0 short sword
 j - a +1 dagger of electrocution
 q - a +4 quarterstaff of chaos (weapon)
 s - a +0 mace of protection
Armour
 d - a +0 pair of boots (worn)
 r - a +0 cloak (worn)
 G - a +0 pair of boots
Jewellery
 e - an amulet of magic regeneration (around neck)
 w - the amulet of Vitality {Regen+ HP+15}
   (You found it on level 4 of the Dungeon)

   [amulet of regeneration]

   It affects your health (+15).
   It increases your rate of regeneration.
 H - an uncursed amulet of the acrobat {unknown}
Wands
 l - a wand of polymorph (46)
 z - a wand of acid (6)
 F - a wand of digging (2)
Scrolls
 a - 2 scrolls of blinking {unknown}
 i - 5 scrolls of identify
 m - 2 scrolls of amnesia {unknown}
 n - 2 scrolls of remove curse
 t - 2 scrolls of fog {unknown}
 y - a scroll of teleportation
 C - a scroll of enchant weapon {unknown}
 E - 2 scrolls of enchant armour {unknown}
 I - 3 scrolls of magic mapping {unknown}
Potions
 c - a potion of magic
 f - 5 potions of lignification {unknown}
 g - a potion of invisibility {unknown}
 h - 2 potions of resistance {unknown}
 k - 4 potions of curing {unknown}
 o - 3 potions of heal wounds {unknown}
 p - a potion of brilliance {unknown}
 u - 2 potions of attraction {unknown}
 v - a potion of might {unknown}
 x - a potion of mutation {unknown}
 A - 2 potions of ambrosia {unknown}
 B - a potion of degeneration {unknown}
 D - 2 potions of haste {unknown}


   Skills:
 - Level 1.7 Dodging
 - Level 1.7 Stealth
 + Level 8.9 Spellcasting
 + Level 10.3 Conjurations


You had 16 spell levels left.
You knew the following spells:

 Your Spells              Type           Power        Failure   Level
a - Magic Dart            Conj           100%         1%          1
b - Searing Ray           Conj           100%         1%          2
c - Fulminant Prism       Conj/Hex       16%          9%          4
d - Slow                  Hex            9%           11%         2

Your spell library contained the following spells:

 Spells                   Type           Power        Failure   Level
 Foxfire                  Conj/Fire      100%         1%          1
 Dazzling Flash           Conj/Hex       64%          2%          3
 Animate Skeleton         Necr           18%          7%          1
 Apportation              Tloc           18%          7%          1
 Corona                   Hex            10%          7%          1
 Summon Small Mammal      Summ           36%          7%          1
 Iskenderun's Mystic Bla  Conj/Tloc      32%          9%          4
 Ensorcelled Hibernation  Hex/Ice        18%          11%         2
 Confusing Touch          Hex            9%           21%         3
 Inner Flame              Hex/Fire       9%           21%         3
 Portal Projectile        Hex/Tloc       18%          21%         3
 Tukima's Dance           Hex            9%           21%         3
 Cause Fear               Hex            4%           56%         4
 Leda's Liquefaction      Hex/Erth       4%           56%         4


Dungeon Overview and Level Annotations

Branches:
Dungeon (7/15)             Temple (1/1) D:6

Altars:
Ashenzari
Cheibriados
Dithmenos
Elyvilon
Fedhas
Gozag
Hepliaklqana
Kikubaaqudgha
Makhleb
Nemelex Xobeh
Okawaru
Qazlal
Ru
Sif Muna
Trog
Uskayaw
Vehumet
Wu Jian
Xom
Yredelemnul
Zin
The Shining One

Shops:
D:6 =

Annotations:
D:4 2 transporters, Uzeprotekshun's ghost, amateur OpWz
D:7 exclusion: oklob plant


Innate Abilities, Weirdness & Mutations

You can breathe blasts of noxious fumes.
Your lurid green scales are hard. (AC +7)
You cannot fit into any form of body armour.
Your system is resistant to poisons. (rPois)
You are cold-blooded and may be slowed by cold attacks.


Message History

Aim: an oklob plant (severely damaged, 0% to evade)
You miscast Searing Ray.
You are very lightly contaminated with residual magic.
Nothing appears to happen.
The oklob plant spits acid at you. The splash of acid hits you!
* * * LOW HITPOINT WARNING * * *
The acid corrodes you!
You are splashed with acid!
* * * LOW HITPOINT WARNING * * *
Casting: Searing Ray (safe; 1% risk of failure)
Confirm with . or Enter, or press ? or * to list all spells.
Aiming: Searing Ray (safe; 1% risk of failure)
Press: ? - help, Shift-Dir - straight line, f/p - oklob plant
Aim: an oklob plant (severely damaged, 0% to evade)
The searing ray hits the oklob plant!
The oklob plant is almost destroyed. (Press . to maintain the ray.)
The oklob plant spits acid at you. The splash of acid hits you.
You die...

### ##...## #######
####.......
###.....######..@...P...
..#.....'......##.......
..#.....#...#### ##...##
###.....##### ###
..##....#..#
...#....#..#
...#....#..#
...#....#..#
...#....#..#


You could see an oklob plant.

Vanquished Creatures
  Sigmund (D:4)
  An orc warrior (D:7)
  2 ogres
  A phantom (D:5)
  An ice beast (D:6)
  5 centaurs
  3 bullfrogs (D:7)
  A scorpion (D:6)
  5 killer bees
  5 wights (D:7)
  A howler monkey (D:7)
  A centaur zombie (D:6)
  3 hounds
  6 jellies
  Crazy Yiuf (D:3)
  6 orc priests
  2 bullfrog skeletons
  A centaur skeleton (D:7)
  5 orc wizards
  Jessica (D:3)
  An iguana (D:6)
  Terence (D:3)
  3 worker ants
  16 adders
  3 gnolls (D:3)
  A shadow imp (D:6)
  7 white imps
  3 ufetubi
  17 oozes
  An adder zombie (D:6)
  An adder skeleton (D:6)
  A worm (D:5)
  4 dart slugs
  3 leopard geckos
  24 orcs
  6 bats
  6 giant cockroaches
  5 goblins
  3 hobgoblins
  4 jackals (D:2)
  9 kobolds
  6 quokkas
  3 ball pythons
  6 frilled lizards
  A giant cockroach zombie (D:5)
  6 rats
193 creatures vanquished.

Vanquished Creatures (others)
  A human (D:3)
  10 fungi (D:7)
11 creatures vanquished.

Grand Total: 204 creatures vanquished

Notes
Turn   | Place    | Note
-------+----------+-------------------------------------------
     0 | D:1      | nothank2 the Draconian Conjurer began the quest for the
                  | Orb.
     0 | D:1      | Reached XP level 1. HP: 14/14 MP: 3/3
   289 | D:1      | Reached XP level 2. HP: 16/20 MP: 1/5
   654 | D:1      | You fall into a shaft and drop 1 floor!
   685 | D:2      | Reached XP level 3. HP: 22/26 MP: 1/7
   814 | D:2      | Learned a level 2 spell: Searing Ray
   834 | D:2      | Reached XP level 4. HP: 33/33 MP: 3/8
  1016 | D:2      | Reached skill level 5 in Conjurations
  1572 | D:3      | Found an ancient bone altar of Kikubaaqudgha.
  1573 | D:3      | Noticed a human
  1576 | D:3      | Noticed Sigmund
  1577 | D:3      | Killed a human
  1849 | D:3      | Reached XP level 5. HP: 30/38 MP: 4/10
  1854 | D:3      | Learned a level 4 spell: Fulminant Prism
  1932 | D:3      | Noticed Jessica
  1988 | D:3      | Killed Jessica
  2023 | D:3      | Noticed Terence
  2029 | D:3      | Killed Terence
  2068 | D:3      | Reached XP level 6. HP: 45/45 MP: 5/12
  2200 | D:3      | Found a runed translucent door.
  2201 | D:3      | Noticed Crazy Yiuf
  2207 | D:3      | Killed Crazy Yiuf
  2208 | D:3      | Reached skill level 6 in Conjurations
  2536 | D:4      | Found a stormy altar of Qazlal.
  2558 | D:4      | Found the amulet of Vitality {Regen+ HP+15}
  2651 | D:4      | Found a transporter.
  2704 | D:4      | Killed Sigmund
  2705 | D:4      | Reached skill level 5 in Spellcasting
  2834 | D:4      | Your scales start taking on a lurid green colour.
  2834 | D:4      | Reached XP level 7. HP: 50/50 MP: 9/14
  2834 | D:4      | Gained mutation: Your system is resistant to poisons.
                  | (rPois) [Green Draconian growth]
  2940 | D:4      | Found a transporter.
  2943 | D:4      | Noticed Uzeprotekshun's ghost (amateur OpWz)
  3315 | D:5      | Entered Level 5 of the Dungeon
  3422 | D:5      | Reached skill level 7 in Conjurations
  4315 | D:5      | Reached XP level 8. HP: 57/57 MP: 15/17
  4441 | D:6      | Found a staircase to the Ecumenical Temple.
  4854 | D:6      | Reached skill level 8 in Conjurations
  4963 | D:6      | Found a sacrificial altar of Ru.
  5339 | D:6      | Found Anycseka's Jewellery Boutique.
  5391 | Temple   | Entered the Ecumenical Temple
  5449 | Temple   | Became a worshipper of Vehumet
  6117 | D:7      | Reached skill level 9 in Conjurations
  6127 | D:7      | Learned a level 2 spell: Slow
  6163 | D:7      | Noticed an oklob plant
  6180 | D:7      | Reached * piety under Vehumet
  6180 | D:7      | Offered knowledge of Shock by Vehumet.
  6349 | D:7      | Reached XP level 9. HP: 54/62 MP: 16/20
  6561 | D:6      | Reached ** piety under Vehumet
  6788 | D:7      | Offered knowledge of Foxfire by Vehumet.
  6792 | D:7      | Reached skill level 10 in Conjurations
  7657 | D:7      | HP: 2/62 [acid (14)]
  7658 | D:7      | Killed from afar by an oklob plant

Illustrated notes

Levels and vault maps discovered:
D:1:      minmay_arrival_cross, layout_rooms
D:2:      layout_loops_ring
D:3:      layout_rooms, serial_curves, eino_curves_02, eino_curves_02,
          tgw_kikubaaqudgha, uniq_jessica, uniq_terence, uniq_sigmund,
          uniq_crazy_yiuf_cottage
D:4:      layout_gridville, lemuel_crystal_altar, gammafunk_ghost_mausoleum,
          grunt_ministairs_8
D:5:      layout_basic
D:6:      layout_rooms, minmay_temple_entry_offerings, serial_shops, shop,
          nicolae_ru_great_annihilating_truth
D:7:      lemuel_slime, layout_gridville
Temple:   kilobyte_greek_temple

Skill      XL: |  1  2  3  4  5  6  7  8  9 |
---------------+----------------------------+-----
Spellcasting   | 3 4 5 6 7 8 |  8.9
Conjurations   | 5 6 7 9 10 | 10.3
Dodging        | |  1.7
Stealth        | |  1.7

Action                   |  1- 3 |  4- 6 |  7- 9 || total
-------------------------+-------+-------+-------++-------
Melee: Unarmed           |     4 |       |       ||     4
       Short sword       |     7 |       |       ||     7
       Tailslap          |     1 |       |       ||     1
       Quarterstaff      |       |       |     3 ||     3
 Cast: Magic Dart        |    57 |   138 |   196 ||   391
       Searing Ray       |       |     7 |    55 ||    62
  Use: Scroll            |       |     5 |       ||     5
 Stab: Sleeping          |       |       |     1 ||     1
Armor: Skin              |     2 |     6 |    54 ||    62
Dodge: Dodged            |    15 |    22 |    98 ||   135
